Map: Backwater LE

Players

Harstem - Winner!

  • Race: Protoss Protoss
  • Spawn Location: 11:00

Trap

  • Race: Protoss Protoss
  • Spawn Location: 5:00

Event: IEM Season 12 - Katowice

VOD

Have the link to the VOD?

Description

Time

  • Played on: Feb. 27, 2018, 11:20 a.m.
  • Length: 12:38

All games in this series

Show
View Real Time Build Order
Export as new Build Order

Harstem Protoss - Winner!

Build Orders: Phoenix Opening 

Get SALT Encoding   

  12  0:00  Probe  
  13  0:12  Probe  
  14  0:17  Pylon  
  14  0:24  Probe (Chrono Boost)  
  15  0:36  Probe (Chrono Boost)  
  15  0:38  Gateway  
  16  0:44  Probe (Chrono Boost)  
  17  0:51  Probe  
  17  0:53  Assimilator  
  18  0:57  Assimilator  
  18  1:03  Probe (Chrono Boost)  
  19  1:09  Gateway  
  19  1:14  Probe (Chrono Boost)  
  20  1:19  Probe (Chrono Boost)  
  20  1:25  Cybernetics Core  
  21  1:29  Probe  
  22  1:33  Pylon  
  22  1:41  Probe  
  23  1:53  Probe  
  24  2:01  Stalker  
  24  2:02  Warp Gate, Sentry  
  28  2:13  Pylon  
  28  2:30  Stargate  
  28  2:41  Nexus  
  27  2:49  Stalker  
  29  2:57  Stalker  
  29  2:58  Probe  
  32  3:10  Probe  
  32  3:12  Phoenix (Chrono Boost)  
  33  3:14  Phoenix (Chrono Boost)  
  33  3:18  Pylon  
  35  3:28  Phoenix (Chrono Boost)  
  37  3:35  Shield Battery  
  37  3:36  Probe  
  38  3:46  Phoenix (Chrono Boost)  
  40  3:48  Probe  
  41  3:57  Probe  
  41  4:01  Probe  
  45  4:10  Probe (Chrono Boost)  
  45  4:13  Probe (Chrono Boost)  
  45  4:17  Robotics Facility  
  45  4:22  Probe (Chrono Boost)  
  47  4:25  Probe (Chrono Boost)  
  47  4:28  Probe (Chrono Boost), Sentry  
  47  4:30  Probe (Chrono Boost)  
  47  4:31  Pylon  
  51  4:36  Probe  
  52  4:40  Probe  
  53  4:48  Probe  
  53  4:52  Probe  
  55  4:58  Nexus  
  55  5:00  Probe  
  55  5:04  Probe  
  55  5:06  Immortal (Chrono Boost)  
  57  5:12  Assimilator  
  62  5:19  Probe, Forge  
  62  5:23  Probe, Robotics Bay  
  62  5:27  Assimilator  
  63  5:32  Probe  
  63  5:35  Probe  
  65  5:37  Immortal (Chrono Boost)  
  69  5:42  Pylon  
  69  5:44  Probe  
  70  5:51  Gateway  
  70  5:52  Protoss Ground Weapons Level 1  
  70  5:54  Pylon  
  70  6:00  Probe  
  70  6:01  Gateway  
  71  6:04  Probe  
  71  6:09  Disruptor (Chrono Boost)  
  71  6:10  Probe  
  73  6:13  Probe  
  77  6:18  Gateway  
  77  6:20  Robotics Facility  
  77  6:22  Probe  
  77  6:23  Probe  
  77  6:25  Probe  
  80  6:34  Probe, Twilight Council  
  80  6:35  Probe  
  80  6:37  Probe  
  83  6:41  Pylon  
  83  6:46  Probe  
  87  6:49  Photon Cannon  
  87  6:50  Probe  
  87  6:51  Probe  
  87  6:52  Pylon, Disruptor (Chrono Boost)  
  89  6:58  Probe  
  90  7:01  Zealot x2  
  90  7:02  Probe, Stalker  
  90  7:04  Disruptor (Chrono Boost)  
  90  7:06  Probe, Pylon  
  101  7:10  Assimilator  
  101  7:12  Probe  
  101  7:13  Assimilator  
  102  7:17  Probe  
  102  7:18  Probe  
  102  7:22  Observer (Chrono Boost)  
  103  7:24  Probe  
  103  7:26  Stalker  
  103  7:27  Stalker  
  103  7:28  Zealot x2  
  103  7:29  Probe  
  113  7:31  Probe  
  113  7:36  Photon Cannon  
  114  7:38  Disruptor (Chrono Boost)  
  117  7:47  Pylon  
  117  7:49  Pylon, Stalker x2  
  121  8:00  Nexus  
  121  8:01  Pylon  
  124  8:05  Disruptor (Chrono Boost)  
  124  8:06  Disruptor (Chrono Boost)  
  124  8:09  Protoss Ground Weapons Level 2  
  124  8:11  Pylon  
  127  8:19  Pylon  
  127  8:23  Pylon  
  127  8:28  Probe  
  127  8:29  Probe  
  127  8:33  Photon Cannon  
  129  8:35  Disruptor (Chrono Boost), Blink (Chrono Boost)  
  129  8:37  Shield Battery, Assimilator  
  129  8:38  Assimilator  
  132  8:41  Stalker  
  132  8:42  Probe x2  
  132  8:45  Shield Battery  
  136  8:48  Pylon  
  136  8:49  Probe  
  136  8:53  Disruptor (Chrono Boost)  
  136  8:54  Probe x2, Pylon  
  139  9:01  Probe  
  143  9:03  Stalker x3  
  143  9:06  Pylon  
  143  9:08  Probe  
  148  9:16  Probe (Chrono Boost), Photon Cannon  
  149  9:18  Stalker x2  
  149  9:21  Probe (Chrono Boost)  
  153  9:26  Probe (Chrono Boost)  
  153  9:27  Pylon  
  153  9:31  Disruptor x2 (Chrono Boost)  
  156  9:33  Pylon  
  158  9:39  Fleet Beacon  
  149  9:54  Stalker x5  
  149  9:56  Disruptor (Chrono Boost)  
  151  10:05  Gateway  
  157  10:07  Gateway  
  157  10:09  Disruptor (Chrono Boost)  
  157  10:10  Oracle (Chrono Boost)  
  158  10:21  Stalker x4  
  158  10:22  Charge  
  160  10:28  Stalker  
  160  10:32  Disruptor (Chrono Boost)  
  165  10:40  Nexus  
  165  10:45  Stalker x4  
  165  11:06  Stalker  
  165  11:09  Probe x2  
  165  11:10  Probe  
  178  11:13  Photon Cannon  
  178  11:14  Stalker x4  
  178  11:16  Photon Cannon  
  178  11:17  Disruptor, Shield Battery  
  189  11:20  Assimilator  
  189  11:22  Assimilator  
  189  11:23  Probe  
  190  11:33  Stalker x3  
  190  11:35  Disruptor (Chrono Boost)  
  166  12:06  Stalker x7  
  182  12:19  Probe (Chrono Boost)  
Show
View Real Time Build Order
Export as new Build Order

Trap Protoss 

Build Orders:  

Get SALT Encoding   

  12  0:00  Probe  
  13  0:12  Probe  
  14  0:17  Pylon  
  14  0:24  Probe (Chrono Boost)  
  15  0:36  Probe (Chrono Boost)  
  15  0:37  Gateway  
  16  0:45  Probe (Chrono Boost)  
  17  0:51  Probe (Chrono Boost)  
  17  0:54  Assimilator  
  18  0:58  Assimilator  
  18  1:03  Probe (Chrono Boost)  
  20  1:12  Probe (Chrono Boost)  
  20  1:14  Gateway  
  20  1:17  Probe  
  20  1:24  Cybernetics Core  
  21  1:29  Probe  
  22  1:34  Pylon  
  22  1:41  Probe  
  23  1:53  Probe  
  24  1:59  Warp Gate (Chrono Boost)  
  24  2:00  Stalker x2  
  28  2:10  Shield Battery  
  28  2:15  Pylon  
  28  2:31  Sentry  
  28  2:33  Sentry  
  32  2:42  Nexus  
  32  2:47  Probe  
  32  2:59  Sentry, Stalker  
  36  3:15  Probe  
  36  3:19  Pylon  
  37  3:21  Robotics Facility  
  37  3:27  Probe  
  37  3:31  Shield Battery  
  38  3:40  Probe  
  39  3:50  Forge  
  39  3:52  Probe  
  40  3:58  Probe (Chrono Boost)  
  41  4:04  Probe (Chrono Boost)  
  42  4:10  Stalker  
  42  4:12  Probe (Chrono Boost), Observer  
  42  4:13  Probe (Chrono Boost)  
  47  4:17  Probe (Chrono Boost)  
  47  4:18  Probe (Chrono Boost)  
  47  4:21  Protoss Ground Weapons Level 1 (Chrono Boost)  
  49  4:25  Shield Battery  
  49  4:27  Stalker  
  51  4:33  Stalker  
  51  4:37  Probe x2  
  55  4:43  Pylon  
  55  4:49  Probe x2  
  56  4:56  Stalker  
  56  4:58  Stalker  
  59  5:01  Probe (Chrono Boost)  
  59  5:02  Probe (Chrono Boost)  
  61  5:12  Probe x2 (Chrono Boost)  
  61  5:13  Assimilator  
  63  5:14  Assimilator  
  63  5:16  Probe (Chrono Boost)  
  63  5:17  Probe (Chrono Boost)  
  65  5:25  Twilight Council  
  65  5:27  Pylon  
  65  5:28  Probe  
  66  5:29  Probe  
  67  5:41  Probe x2  
  69  5:53  Nexus  
  69  5:56  Probe  
  69  5:57  Probe  
  71  5:59  Protoss Ground Weapons Level 2 (Chrono Boost)  
  71  6:01  Gateway  
  71  6:02  Gateway  
  71  6:09  Templar Archives  
  71  6:19  Immortal  
  71  6:23  Pylon  
  71  6:24  Probe  
  71  6:25  Probe  
  77  6:27  Charge  
  77  6:32  Gateway  
  77  6:36  Gateway  
  77  6:38  Probe  
  78  6:41  Probe  
  78  6:44  Pylon  
  79  6:51  Stargate  
  79  6:58  Stargate  
  79  7:05  High Templar x2  
  79  7:06  Probe x3  
  86  7:09  Assimilator  
  86  7:10  Assimilator  
  86  7:11  Pylon  
  86  7:13  Immortal (Chrono Boost)  
  86  7:21  Probe x3  
  93  7:32  Pylon  
  93  7:38  Probe x2  
  93  7:39  Probe  
  93  7:40  Phoenix (Chrono Boost)  
  93  7:41  Gateway  
  93  7:43  Gateway  
  100  7:52  Phoenix (Chrono Boost)  
  100  7:53  Immortal  
  104  7:58  Phoenix (Chrono Boost)  
  104  8:04  Archon  
  104  8:05  Protoss Ground Weapons Level 3 (Chrono Boost)  
  106  8:07  Photon Cannon  
  106  8:08  Phoenix (Chrono Boost)  
  107  8:18  Pylon  
  107  8:22  Phoenix (Chrono Boost)  
  109  8:33  Pylon  
  113  8:34  Pylon  
  115  8:41  Warp Prism  
  115  8:42  Phoenix (Chrono Boost)  
  115  8:43  Phoenix (Chrono Boost)  
  115  8:46  Zealot x2, High Templar x2  
  123  8:51  Archon  
  123  8:56  Pylon  
  123  9:01  Phoenix  
  123  9:02  Phoenix  
  127  9:13  Nexus  
  127  9:16  Pylon, High Templar  
  127  9:17  Zealot, High Templar  
  131  9:18  Pylon, Observer  
  131  9:22  Archon  
  134  9:25  Zealot x4  
  142  9:33  Pylon  
  142  9:38  Warp Prism (Chrono Boost)  
  122  9:56  Phoenix (Chrono Boost)  
  122  9:57  Phoenix (Chrono Boost)  
  120  10:00  High Templar x2  
  120  10:01  Zealot x6  
  136  10:20  Phoenix x2 (Chrono Boost)  
  136  10:23  Pylon  
  134  10:31  Archon  
  134  10:33  Zealot x3, High Templar x2  
  134  10:34  Zealot  
  147  10:35  Probe  
  147  10:36  Probe x2  
  147  10:37  Probe, High Templar x2  
  147  10:38  Archon  
  147  10:42  Archon  
  153  10:43  Phoenix  
  153  10:47  Probe  
  153  10:48  Phoenix  
  114  11:06  Zealot x6  
  114  11:08  Phoenix (Chrono Boost)  
  126  11:13  Phoenix (Chrono Boost)  
  126  11:17  Fleet Beacon  
  128  11:20  Assimilator  
  128  11:21  Photon Cannon  
  128  11:22  Assimilator  
  128  11:31  Zealot x2  
  128  11:32  Zealot x3, High Templar x2  
  140  11:38  Phoenix, Archon  
  142  11:43  Phoenix  
  138  11:49  Zealot  
  108  11:56  Zealot x5  
  104  12:05  Immortal (Chrono Boost)  
  104  12:06  Zealot x2  
  106  12:14  Zealot  
  108  12:20  Zealot x5  

Tags
 
Add a new tag
Caveats
  • Supply blocks, unpowered buildings, or Contaminate may cause inaccurate times.
  • Supply counts are checked every 10 seconds.